 Dungeon Crawl Stone Soup version 0.25.1-2-g60ff931df9 (webtiles) character file.

Game seed: 14128506130586186841

21939 Gadfly the Frost Mage (level 12, 0/101 HPs)
             Began as a Barachi Ice Elementalist on Oct 12, 2020.
             Was an Elder of Vehumet.
             Engulfed by a cloud of freezing vapour (26 damage)
             ... in an ice cave.
             The game lasted 00:40:02 (20630 turns).

Gadfly the Frost Mage (Barachi Ice Elementalist)   Turns: 20630, Time: 00:40:02

Health: 0/101      AC:  9    Str: 10    XL:     12   Next: 95%
Magic:  25/25      EV: 20    Int: 30    God:    Vehumet [****..]
Gold:   1148       SH:  0    Dex: 19    Spells: 16/30 levels left

rFire    . . .     SeeInvis .   a - +1 falchion (elec)
rCold    . . .     Gourm    .   (no shield)
rNeg     . . .     Faith    +   L - +3 leather armour of Polelube {Int+2}
rPois    .         Spirit   .   (no helmet)
rElec    .         Reflect  .   r - +0 cloak
rCorr    .         Harm     .   C - +0 pair of gloves
MR       .....     Clarity  +   E - +0 pair of boots
Stlth    ++........             j - amulet of faith
HPRegen  0.26/turn              M - +6 ring of intelligence
MPRegen  0.19/turn              K - +6 ring of dexterity

@: slow
A: +LOS, swims, clarity, clever 1, robust 1, slowness 1, strong legs 1
a: Hop, Renounce Religion


You were in an ice cave.
You worshipped Vehumet.
Vehumet was greatly pleased with you.
You were near starving.

You visited 3 branches of the dungeon, and saw 15 of its levels.
You also visited: Ice Cave.

You collected 1180 gold pieces.
You spent 32 gold pieces at shops.

Inventory:

Hand Weapons
 a - a +1 falchion of electrocution (weapon)
 d - a +3 short sword of draining
Missiles
 q - 6 throwing nets (quivered)
Armour
 l - a +0 robe
 p - a +0 buckler
 r - a +0 cloak (worn)
 C - a +0 pair of gloves (worn)
 E - a +0 pair of boots (worn)
 L - the +3 leather armour of Polelube (worn) {Int+2}
   (You found it on level 2 of the Lair of Beasts)

   It affects your intelligence (+2).
Magical Staves
 b - an uncursed staff of air
Jewellery
 j - an amulet of faith (around neck)
 D - an uncursed ring of poison resistance
 K - a +6 ring of dexterity (right hand)
 M - a +6 ring of intelligence (left hand)
Wands
 g - a wand of clouds (13)
 n - a wand of flame (17)
 w - a wand of paralysis (2)
 z - a wand of random effects (29)
 A - a wand of polymorph (23)
 H - a wand of iceblast (8)
 I - a wand of disintegration (41)
 J - a wand of enslavement (10)
 P - a wand of acid (6)
Scrolls
 h - a scroll of amnesia
 m - 4 scrolls of fog
 o - 4 scrolls of remove curse
 u - 5 scrolls of teleportation
 y - a scroll of magic mapping
 B - 3 scrolls of enchant armour
 G - a scroll of identify
 N - a scroll of brand weapon
 Q - 3 scrolls of enchant weapon
Potions
 e - a potion of heal wounds
 f - 2 potions of magic
 i - 4 potions of ambrosia
 k - 7 potions of curing
 s - 2 potions of berserk rage
 t - a potion of cancellation
 v - 2 potions of flight
 F - a potion of haste
Comestibles
 c - 27 rations


   Skills:
 + Level 7.7 Fighting
 * Level 10.6 Dodging
 - Level 1.7 Stealth
 * Level 9.7 Spellcasting
 * Level 9.7 Conjurations
 * Level 12.0 Ice Magic
 * Level 5.9 Air Magic
 + Level 6.5 Evocations


You had 16 spell levels left.
You knew the following spells:

 Your Spells              Type           Power        Failure   Level  Hunger
a - Freeze                Ice            ####         1%          1    None
b - Frozen Ramparts       Ice            ######       1%          3    None
c - Hailstorm             Conj/Ice       ######..     1%          4    None
d - Magic Dart            Conj           ####         1%          1    None
e - Blink                 Tloc           N/A          8%          2    None
f - Static Discharge      Conj/Air       ######..     1%          3    None

Your spell library contained the following spells:

 Spells                   Type           Power        Failure   Level  Hunger
 Sticky Flame             Conj/Fire      #####...     1%          4    None
 Sandblast                Erth           ##....       1%          1    None
 Searing Ray              Conj           ######       1%          2    None
 Conjure Flame            Conj/Fire      #####...     1%          3    None
 Dazzling Flash           Conj/Hex       #####.       1%          3    None
 Mephitic Cloud           Conj/Pois/Air  #####...     1%          3    None
 Ozocubu's Armour         Chrm/Ice       ######..     1%          3    None
 Stone Arrow              Conj/Erth      #####.       1%          3    None
 Fulminant Prism          Conj/Hex       #####.....   1%          4    None
 Iskenderun's Mystic Bla  Conj/Tloc      #####...     1%          4    None
 Poisonous Vapours        Pois/Air       ####..       2%          2    None
 Infusion                 Chrm           ##..         4%          1    None
 Sting                    Tmut/Pois      ##..         4%          1    None
 Summon Small Mammal      Summ           ##..         4%          1    None
 Ignite Poison            Fire/Tmut/Pois ##......     4%          3    None
 Summon Ice Beast         Ice/Summ       ######..     4%          4    None
 Call Imp                 Summ           ##......     8%          2    None
 Passwall                 Tmut/Erth      ##......     8%          2    None
 Shroud of Golubria       Chrm/Tloc      ##....       8%          2    None
 Slow                     Hex            ##......     8%          2    None
 Song of Slaying          Chrm           ##......     8%          2    None
 Olgreb's Toxic Radiance  Pois           ##......     13%         4    None
 Call Canine Familiar     Summ           ##......     14%         3    None
 Spectral Weapon          Hex/Chrm       ##......     14%         3    None
 Summon Guardian Golem    Hex/Summ       ##......     14%         3    None
 Summon Lightning Spire   Summ/Air       ####....     14%         4    None
 Lee's Rapid Deconstruct  Erth           ##........   32%         5    ###....
 Petrify                  Tmut/Erth      ##......     43%         4    None


Dungeon Overview and Level Annotations

Branches:
Dungeon (9/15)             Temple (1/1) D:5            Lair (5/6) D:8
 Shoals (0/4) Lair:2       Spider (0/4) Lair:2        Slime (0/5) Lair:5
    Orc (0/2) D:9           IceCv (1/1)

Altars:
Ashenzari
Cheibriados
Dithmenos
Elyvilon
Fedhas
Gozag
Hepliaklqana
Kikubaaqudgha
Makhleb
Nemelex Xobeh
Okawaru
Qazlal
Ru
Sif Muna
Trog
Uskayaw
Vehumet
Wu Jian
Xom
Yredelemnul
Zin
The Shining One

Shops:
D:7 ?

Annotations:
D:6 1 runed translucent door, Dillybarz's ghost, novice TrFE IceCv exclusion: ice statue


Innate Abilities, Weirdness & Mutations

You can be seen from farther away. (+LOS)
You can swim through water.
You cover ground slowly.
You can hop short distances.
You possess an exceptional clarity of mind.
Your mind is acute. (Int +2)
You are robust. (+10% HP)


Message History

Okay, then.
You start waiting.
You are feeling very hungry.
Found 31 gold pieces.
You are engulfed in freezing vapours.
You are engulfed in freezing vapours.
You see here 31 gold pieces.
You start resting.
HP restored.
You now have 1148 gold pieces (gained 31).
An ice statue comes into view.
You are near starving!
Marking area around an ice statue as unsafe for travelling.
You are engulfed in freezing vapours.
You're standing in a cloud of freezing vapour!
You are engulfed in freezing vapours.
You are engulfed in freezing vapours.
* * * LOW HITPOINT WARNING * * *
You are engulfed in freezing vapours.
You die...

##### ##...###
#......## #..##...##
#...##...### ###
##..####...## ..
#####..####...# 8.
##.##.#..###..## .#
#.#..#.≈..##°@# ..#
##.#.##..##☼°####..#
#.#.##..##.°○○○#..#
#####..####°#☼.°.#
##.## ######## ##..#
#...## ##...# #...##


There were no monsters in sight!

Vanquished Creatures
  3 hydras
  Harold (D:7)
  A two-headed ogre (D:9)
  3 death yaks (D:8)
  A manticore (Lair:2)
  4 spiny frogs
  A torpor snail (Lair:4)
  A gargoyle (D:9)
  2 komodo dragons (Lair:1)
  2 ice devils (Lair:5)
  2 polar bears
  Prince Ribbit (D:6)
  9 blink frogs (Lair:3)
  4 hippogriffs
  Sigmund (D:2)
  A wyvern (Lair:2)
  Grum (D:8)
  9 yaks
  8 water moccasins
  12 porcupines
  5 orc warriors
  A black bear (D:9)
  A sky beast (D:7)
  4 ogres
  7 crocodiles
  14 wolves
  4 centaurs
  A big kobold (D:7)
  13 bullfrogs
  2 scorpions
  6 killer bees (D:8)
  2 howler monkeys (D:9)
  4 crimson imps
  A quasit (D:6)
  A centaur zombie (D:8)
  6 hounds
  A centaur skeleton (D:4)
  A gnoll shaman (D:4)
  10 orc priests
  3 bullfrog skeletons
  An iguana (D:8)
  11 orc wizards
  4 worker ants
  A hell rat (D:8)
  2 hound zombies
  A worker ant zombie (D:7)
  A howler monkey skeleton (D:7)
  15 gnolls
  7 adders
  An ooze (D:1)
  An adder skeleton (D:5)
  2 dart slugs
  2 worms
  9 leopard geckos
  40 orcs
  4 ball pythons
  7 giant cockroaches
  9 goblins
  4 hobgoblins
  4 jackals
  10 kobolds
  2 quokkas
  6 bats
  6 frilled lizards
  A jackal zombie (D:7)
  3 leopard gecko skeletons
  A quokka skeleton (D:5)
  7 rats
  A bush (Lair:1)
  2 fungi (Lair:2)
319 creatures vanquished.

Vanquished Creatures (collateral kills)
  A death yak (Lair:4)
  Sonja (Lair:4)
  A spiny frog (Lair:4)
  A wyvern (Lair:4)
  A water moccasin (Lair:4)
  3 wolves (Lair:4)
  A crocodile (Lair:4)
  A bullfrog (Lair:4)
  2 fungi (Lair:4)
12 creatures vanquished.

Vanquished Creatures (others)
  A polar bear (IceCv)
  4 wolves (IceCv)
  3 bushes (Lair:1)
  2 fungi
10 creatures vanquished.

Grand Total: 341 creatures vanquished

Notes
Turn   | Place    | Note
-------+----------+-------------------------------------------
     0 | D:1      | Gadfly the Barachi Ice Elementalist began the quest for the
                  | Orb.
     0 | D:1      | Reached XP level 1. HP: 13/13 MP: 3/3
   105 | D:1      | Reached skill level 5 in Ice Magic
   105 | D:1      | Reached XP level 2. HP: 11/19 MP: 0/5
  1062 | D:1      | Reached XP level 3. HP: 21/25 MP: 6/6
  1067 | D:1      | Learned a level 3 spell: Frozen Ramparts
  1759 | D:2      | Reached skill level 1 in Fighting
  2121 | D:2      | Found a burning altar of Makhleb.
  2357 | D:2      | Noticed Sigmund
  2363 | D:2      | Killed Sigmund
  2363 | D:2      | Reached skill level 6 in Ice Magic
  2363 | D:2      | Reached XP level 4. HP: 33/33 MP: 2/9
  2363 | D:2      | Reached XP level 5. HP: 38/38 MP: 2/10
  2481 | D:2      | Learned a level 4 spell: Hailstorm
  2988 | D:3      | Reached XP level 6. HP: 35/44 MP: 7/11
  3470 | D:3      | Learned a level 1 spell: Magic Dart
  3473 | D:3      | Learned a level 2 spell: Blink
  4468 | D:4      | Reached skill level 1 in Conjurations
  4545 | D:4      | Reached XP level 7. HP: 24/51 MP: 8/13
  4747 | D:4      | Reached skill level 1 in Evocations
  5815 | D:4      | Gained mutation: You possess an exceptional clarity of
                  | mind. [potion of mutation]
  5815 | D:4      | Gained mutation: You are robust. (+10% HP) [potion of
                  | mutation]
  5815 | D:4      | Gained mutation: Your mind is acute. (Int +2) [potion of
                  | mutation]
  5852 | D:5      | Entered Level 5 of the Dungeon
  5990 | D:5      | Found an opulent altar of Gozag.
  6199 | D:5      | Found a shadowy altar of Dithmenos.
  6225 | D:5      | Found a staircase to the Ecumenical Temple.
  6235 | Temple   | Entered the Ecumenical Temple
  6474 | Temple   | Became a worshipper of Vehumet
  6580 | D:5      | Found an ornate altar of the Wu Jian Council.
  6580 | D:5      | Found a white marble altar of Elyvilon.
  6585 | D:5      | Found a sacrificial altar of Ru.
  6587 | D:5      | Found a hazy altar of Hepliaklqana.
  6590 | D:5      | Found a faded altar of an unknown god.
  6641 | D:5      | Reached skill level 7 in Ice Magic
  6784 | D:5      | Found a bloodstained altar of Trog.
  6823 | D:5      | Reached skill level 5 in Dodging
  6836 | D:5      | Reached XP level 8. HP: 30/63 MP: 9/15
  7438 | D:6      | Reached * piety under Vehumet
  7438 | D:6      | Offered knowledge of Sandblast by Vehumet.
  7457 | D:6      | Reached skill level 5 in Spellcasting
  7745 | D:6      | Noticed Prince Ribbit
  7764 | D:6      | Killed Prince Ribbit
  7937 | D:6      | Noticed a +2 mace of chaos
  7938 | D:6      | Found a runed translucent door.
  7938 | D:6      | Found a shimmering altar of Xom.
  7938 | D:6      | Noticed Dillybarz's ghost (novice TrFE)
  8338 | D:7      | Found Fidouhau's Magic Scroll Shoppe.
  8363 | D:7      | Bought a scroll of identify for 32 gold pieces
  8541 | D:7      | Reached skill level 8 in Ice Magic
  8660 | D:7      | Reached XP level 9. HP: 71/71 MP: 15/17
  9351 | D:7      | Noticed Harold
  9358 | D:7      | Paralysed by Harold for 5 turns
  9358 | D:7      | Offered knowledge of Foxfire by Vehumet.
  9367 | D:7      | Reached ** piety under Vehumet
  9367 | D:7      | Killed Harold
  9367 | D:7      | Reached skill level 5 in Conjurations
  9617 | D:7      | Found an ancient bone altar of Kikubaaqudgha.
  9971 | D:8      | Found a staircase to the Lair.
  9971 | D:8      | Noticed a death yak
  9972 | D:8      | Noticed a death yak
  9973 | D:8      | Noticed a death yak
  9984 | D:8      | Killed a death yak
  9984 | D:8      | Reached skill level 5 in Fighting
  9984 | D:8      | Reached skill level 9 in Ice Magic
  9984 | D:8      | Reached XP level 10. HP: 65/81 MP: 16/20
 10167 | D:8      | Noticed Grum
 10185 | D:8      | Killed Grum
 10698 | D:8      | Killed a death yak
 10707 | D:8      | Killed a death yak
 11110 | D:8      | Reached skill level 10 in Ice Magic
 11512 | D:8      | Offered knowledge of Inner Flame by Vehumet.
 12162 | D:9      | Reached *** piety under Vehumet
 12179 | D:9      | Reached XP level 11. HP: 77/89 MP: 20/22
 12565 | D:9      | Noticed a two-headed ogre
 12572 | D:9      | Reached skill level 5 in Evocations
 12577 | D:9      | Killed a two-headed ogre
 12680 | D:9      | Found a shimmering altar of Xom.
 12681 | D:9      | Found a shimmering altar of Xom.
 12684 | D:9      | Found a shimmering altar of Xom.
 12743 | D:9      | Found a staircase to the Orcish Mines.
 12826 | D:9      | Found a shimmering altar of Xom.
 12827 | D:9      | Found a shimmering altar of Xom.
 12828 | D:9      | Found a shimmering altar of Xom.
 12829 | D:9      | Found a shimmering altar of Xom.
 12829 | D:9      | Found a shimmering altar of Xom.
 12841 | D:9      | Found a shimmering altar of Xom.
 13390 | Lair:1   | Entered Level 1 of the Lair of Beasts
 13477 | Lair:1   | You fall into a shaft and drop 1 floor!
 13477 | Lair:2   | Found a staircase to the Shoals.
 13478 | Lair:2   | Noticed a manticore
 13486 | Lair:2   | Offered knowledge of Iskenderun's Mystic Blast by Vehumet.
 13489 | Lair:2   | Killed a manticore
 13943 | Lair:1   | Learned a level 4 spell: Iskenderun's Mystic Blast
 14094 | Lair:1   | Reached skill level 11 in Ice Magic
 14406 | Lair:1   | Noticed a five-headed hydra
 14412 | Lair:1   | Reached **** piety under Vehumet
 14417 | Lair:1   | Killed a five-headed hydra
 14566 | Lair:1   | Noticed a four-headed hydra
 14580 | Lair:1   | Killed a four-headed hydra
 15180 | Lair:2   | Found a hole to the Spider Nest.
 15298 | Lair:2   | Noticed a five-headed hydra
 15317 | Lair:2   | Killed a five-headed hydra
 15317 | Lair:2   | Reached XP level 12. HP: 100/100 MP: 0/25
 16203 | Lair:2   | Reached skill level 10 in Dodging
 16455 | Lair:2   | Got a pitted leather armour
 16456 | Lair:2   | Identified the +3 leather armour of Polelube {Int+2} (You
                  | found it on level 2 of the Lair of Beasts)
 16752 | Lair:3   | Found a sparkling altar of Nemelex Xobeh.
 17015 | Lair:3   | Offered knowledge of Static Discharge by Vehumet.
 17743 | Lair:3   | Learned a level 3 spell: Static Discharge
 17854 | Lair:4   | Reached skill level 1 in Air Magic
 18104 | Lair:4   | Noticed a death yak
 18108 | Lair:4   | Noticed Sonja
 18110 | Lair:4   | Killed a death yak
 18112 | Lair:4   | Killed Sonja
 18132 | Lair:4   | Reached skill level 5 in Air Magic
 18703 | Lair:4   | Found a glowing silver altar of Zin.
 19621 | Lair:5   | Reached ***** piety under Vehumet
 19640 | Lair:5   | Found a frozen archway.
 19645 | Lair:5   | Offered knowledge of Sticky Flame by Vehumet.
 19731 | IceCv    | Entered an ice cave
 19733 | IceCv    | Reached skill level 12 in Ice Magic
 20630 | IceCv    | Engulfed by a cloud of freezing vapour

Illustrated notes

Levels and vault maps discovered:
D:1:      eino_arrival_cavern_c, layout_loops_ring
D:2:      layout_loops_corners, bloody_makhleb, first_ration,
          lemuel_statue_altar, uniq_sigmund
D:3:      layout_loops_ring, minmay_misc_feat_cross
D:4:      layout_basic, eino_tiny_chamber, patterned_corridor
D:5:      cheibrodos_helix_gallery, layout_basic, lemuel_crystal_altar,
          lemuel_coloured_pillars_altar, lemuel_round_altar,
          chequers_temple_overflow_minitemple, minmay_temple_entry_grid
D:6:      layout_cave_pools, ebering_ghost_xom, uniq_prince_ribbit1
D:7:      layout_loops_cross, kennysheep_mini, serial_shops, shop, uniq_harold
D:8:      layout_loops_ring, dpeg_lair_monsters, uniq_grum
D:9:      layout_cave_pods, xom_shifter_show, erik_orc_2
Temple:   minmay_temple_forest_path
Lair:1:   layout_roguey, serial_rivers, chequers_serial_rivers_micro_b,
          chequers_serial_rivers_micro_c, chequers_serial_rivers_micro_e,
          chequers_serial_rivers_micro_d, chequers_serial_rivers_micro_a,
          minmay_hedge_maze, chequers_serial_rivers_marsh, beast_lair_carwin_4
Lair:2:   layout_concentric_octagons, minmay_shoals_entry_beasts,
          dummy_spider_entry
Lair:3:   layout_chaotic_city, basic_altar, grunt_megastairs_3,
          lemuel_fruit_fields
Lair:4:   layout_cellular_growth, basic_altar, uniq_sonja
Lair:5:   layout_regular_city, minmay_slime_entry_eyes,
          portal_ice_cave_demonic_guard, grunt_megastairs_4
IceCv:    ice_cave_caverns_02

Skill      XL: |  1  2  3  4  5  6  7  8  9 10 11 12 |
---------------+-------------------------------------+-----
Ice Magic      | 5 6 7 8 9 10 11 12 | 12.0
Fighting       | 2 3 4 5 6 7 |  7.7
Dodging        | 3 4 5 6 7 8 9 10 | 10.6
Spellcasting   | 3 4 5 6 7 9 |  9.7
Conjurations   | 1 2 4 6 7 8 9 |  9.7
Evocations     | 1 2 4 5 6 |  6.5
Air Magic      | 5 |  5.9
Stealth        | |  1.7

Action                   |  1- 3 |  4- 6 |  7- 9 | 10-12 || total
-------------------------+-------+-------+-------+-------++-------
Melee: Unarmed           |    12 |       |       |       ||    12
       Dagger            |    22 |       |       |       ||    22
       Short sword       |    69 |    21 |       |       ||    90
       Great sword       |       |    32 |   119 |       ||   151
       Flail             |       |    30 |       |       ||    30
       Falchion          |       |       |    60 |   261 ||   321
 Cast: Freeze            |    24 |    10 |     7 |    15 ||    56
       Frozen Ramparts   |     1 |     9 |    23 |    56 ||    89
       Hailstorm         |       |       |    12 |    38 ||    50
       Blink             |       |       |       |     3 ||     3
       Magic Dart        |       |       |       |     4 ||     4
       Static Discharge  |       |       |       |     3 ||     3
 Abil: Hop               |       |       |       |     5 ||     5
Evoke: Wand              |       |     1 |     2 |     2 ||     5
  Use: Scroll            |     3 |     1 |     9 |    12 ||    25
       Potion            |       |     2 |     6 |     3 ||    11
 Stab: Sleeping          |     3 |     3 |     4 |     1 ||    11
       Confused          |       |       |     2 |       ||     2
       Distracted        |       |       |       |     1 ||     1
  Eat: Chunk             |     6 |     8 |    22 |    27 ||    63
       Ration            |       |       |       |     3 ||     3
Armor: Robe              |    30 |    19 |    30 |    12 ||    91
       Leather armour    |       |       |       |    29 ||    29
Dodge: Dodged            |   104 |    92 |   210 |   402 ||   808
       Rpst.: Great sword |       |    13 |    41 |       ||    54
       Falchion          |       |       |    26 |   117 ||   143
